 Dungeon Sprint DCSS version 0.26-a0-649-gf8c6c3aab7 (webtiles) character file.

Game seed: 5292477749690783121

4706 Conn the Thaumaturge (level 10, -1/61 HPs)
             Began as an Octopode Hedge Wizard on Sept 27, 2020.
             Was a Priest of Sif Muna.
             Slain by an unseen horror (5 damage)
             ... in the Dungeon (Sprint I: "Red Sonja").
             The game lasted 00:13:57 (1554 turns).

Conn the Thaumaturge (Octopode Hedge Wizard)        Turns: 1554, Time: 00:13:57

Health: -1/61      AC:  1    Str: 10    XL:     10   Next: 45%
Magic:  13/26      EV: 14    Int: 20    God:    Sif Muna [***...]
Gold:   979        SH:  0    Dex: 11    Spells: 23/34 levels left

rFire    . . .     SeeInvis .   a - +0 dagger (distort)
rCold    . . .     Faith    .   (no shield)
rNeg     . . .     Spirit   .   e - +0 hat
rPois    .         Reflect  .   (no amulet)
rElec    .         Harm     .   (no ring)
rCorr    .         Rampage  .   (no ring)
MR       .....     NoTele   +   (no ring)
Stlth    +++++.....             (no ring)
HPRegen  0.20/turn              (no ring)
MPRegen  0.20/turn              (no ring)
                                (no ring)
                                (no ring)

@: no status effects
A: almost no armour, stealthy swim, amphibious, 8 rings, constrict 8, camouflage
1, gelatinous body 1
a: Channel Magic, Forget Spell, Renounce Religion


You were in the Dungeon.
You worshipped Sif Muna.
Sif Muna was most pleased with you.
You visited 1 branch You collected 1099 gold pieces.
You spent 120 gold pieces at shops.

Inventory:

Hand Weapons
 a - a +0 dagger of distortion (weapon)
 b - a +0 longbow
 j - a +0 dagger
Missiles
 i - 34 arrows
 k - 4 curare-tipped darts (quivered)
Armour
 e - a +0 hat (worn)
Wands
 d - a wand of paralysis (7)
 m - a wand of acid (6)
Scrolls
 n - a scroll of remove curse {unknown}
Potions
 c - a potion of cancellation {unknown}
 f - a potion of haste
 g - a potion of magic
 h - a potion of stabbing {unknown}
 l - a potion of curing


   Skills:
 + Level 2.5 Fighting
 + Level 4.3 Short Blades
 + Level 2.5 Throwing
 + Level 3.8 Dodging
 - Level 8.0 Stealth
 * Level 12.8 Spellcasting
 * Level 7.8 Conjurations
 + Level 5.9 Summonings
 * Level 7.9 Translocations
 * Level 7.7 Fire Magic
 * Level 7.5 Air Magic
 * Level 9.1 Poison Magic
 + Level 1.6 Evocations


You had 23 spell levels left.
You knew the following spells:

 Your Spells              Type           Power        Failure   Level
a - Magic Dart            Conj           ####         1%          1
b - Blink                 Tloc           N/A          1%          2
c - Call Imp              Summ           #####...     1%          2
d - Conjure Flame         Conj/Fire      #####...     1%          3
e - Mephitic Cloud        Conj/Pois/Air  #####...     1%          3

Your spell library contained the following spells:

 Spells                   Type           Power        Failure   Level
 Slow                     Hex            ##......     8%          2


Dungeon Overview and Level Annotations

Branches:
Dungeon (1/1)

Altars:
Cheibriados
Dithmenos
Elyvilon
Fedhas
Gozag
Hepliaklqana
Kikubaaqudgha
Makhleb
Nemelex Xobeh
Okawaru
Qazlal
Ru
Sif Muna
Trog
Uskayaw
Vehumet
Wu Jian
Xom
Yredelemnul
Zin
The Shining One
Jiyva
Lugonu

Shops:
D }}[


Innate Abilities, Weirdness & Mutations

You cannot wear most types of armour.
You are very stealthy in the water. (Stealth+)
You are amphibious.
You can wear up to eight rings at the same time.
You can use your tentacles to constrict eight enemies at once.
Your skin changes colour to match your surroundings (Stealth+).
Your rubbery body absorbs attacks. (AC +1, EV +1)


Message History

Casting: Call Imp (safe; 1% risk of failure)
Confirm with . or Enter, or press ? or * to list all spells.
A shadowy apparition takes form in the air.
Something misses your shadow imp. Something hits you.
Something barely misses your shadow imp.
Unknown command.
You hit something. Something hits you.
* * * LOW HITPOINT WARNING * * *
Unknown command.
Something hits you.
* * * LOW HITPOINT WARNING * * *
There is an open door here.
You feel better. Something hits you!
* * * LOW HITPOINT WARNING * * *
There is an open door here.
Something hits you!
* * * LOW HITPOINT WARNING * * *
Something hits you.
You die...

####################
'..#..'..#__#5.).).#
#..'..#..'5.'..#.5.#
##)#####'#__####...+
#..#...#(####§§#####
####..##.#≈§§§§#..#
___##'#_.'§§§.§'..#
∩...'...§#≈≈§..#@.#
.__##_.#'##'#####'###
___###'#.#§.[.###.5.#
######)####'###)###.#
....'...'÷....'.∩##5#
+####...###########.#
###.###.......##§#
#.#'#.#......§§§.#
#.....#+++######§#


You could see a friendly white imp (summoned) and a friendly shadow imp
(summoned).

Vanquished Creatures
  2 centaur warriors (D)
  Sonja (D)
  A deep troll (D)
  An unseen horror (D)
  2 kobold demonologists (D)
  A hornet (D)
  2 redbacks (D)
  Sigmund (D)
  A yak (D)
  A jelly (D)
  Ijyb (D)
  2 ballistomycete spores (D)
16 creatures vanquished.

Vanquished Creatures (collateral kills)
  A slime creature (D)
  A floating eye (D)
  An ogre (D)
3 creatures vanquished.

Vanquished Creatures (others)
  A hornet (D)
1 creature vanquished.

Grand Total: 20 creatures vanquished

Notes
Turn   | Place    | Note
-------+----------+-------------------------------------------
     0 | D        | Conn the Octopode Hedge Wizard began the quest for the Orb.
     0 | D        | Reached XP level 1. HP: 11/11 MP: 4/4
     1 | D        | Noticed Ijyb
     8 | D        | Killed Ijyb
     8 | D        | Reached skill level 5 in Spellcasting
     8 | D        | Reached XP level 2. HP: 17/17 MP: 5/8
     8 | D        | Reached XP level 3. HP: 21/21 MP: 5/9
    67 | D        | Learned a level 2 spell: Blink
    70 | D        | Learned a level 2 spell: Call Imp
    74 | D        | Learned a level 3 spell: Conjure Flame
    78 | D        | Learned a level 3 spell: Mephitic Cloud
    79 | D        | Noticed an ogre
   109 | D        | Killed an ogre
   109 | D        | Reached skill level 6 in Spellcasting
   109 | D        | Reached skill level 1 in Fire Magic
   109 | D        | Reached skill level 1 in Air Magic
   109 | D        | Reached skill level 1 in Poison Magic
   109 | D        | Reached XP level 4. HP: 27/27 MP: 2/12
   201 | D        | Noticed Sigmund
   210 | D        | Killed Sigmund
   210 | D        | Reached skill level 8 in Spellcasting
   210 | D        | Reached XP level 5. HP: 32/32 MP: 8/15
   271 | D        | Found an ornate altar of the Wu Jian Council.
   271 | D        | Found a shimmering blue altar of Sif Muna.
   273 | D        | Found a radiant altar of Vehumet.
   277 | D        | Became a worshipper of Sif Muna the Loreminder
   297 | D        | Reached XP level 6. HP: 37/37 MP: 13/17
   338 | D        | Found Ruzodyes's Gadget Emporium.
   338 | D        | Found an ancient bone altar of Kikubaaqudgha.
   338 | D        | Found a hazy altar of Hepliaklqana.
   338 | D        | Found a stormy altar of Qazlal.
   338 | D        | Found a hide-covered altar of Uskayaw.
   338 | D        | Found a blossoming altar of Fedhas.
   338 | D        | Found a bloodstained altar of Trog.
   338 | D        | Found an iron altar of Okawaru.
   338 | D        | Found a basalt altar of Yredelemnul.
   338 | D        | Found a glowing golden altar of the Shining One.
   338 | D        | Found a snail-covered altar of Cheibriados.
   338 | D        | Found a sacrificial altar of Ru.
   338 | D        | Found a glowing silver altar of Zin.
   338 | D        | Found a shadowy altar of Dithmenos.
   338 | D        | Found a white marble altar of Elyvilon.
   338 | D        | Noticed a yak
   340 | D        | Found an opulent altar of Gozag.
   343 | D        | Found a sparkling altar of Nemelex Xobeh.
   374 | D        | Found a burning altar of Makhleb.
   374 | D        | Found a viscous altar of Jiyva.
   374 | D        | Found a shimmering altar of Xom.
   374 | D        | Found a corrupted altar of Lugonu.
   374 | D        | Noticed a slime creature
   379 | D        | Killed a yak
   379 | D        | Reached skill level 1 in Short Blades
   379 | D        | Reached skill level 9 in Spellcasting
   395 | D        | Bought a wand of paralysis (8) for 120 gold pieces
   576 | D        | Noticed Sonja
   583 | D        | Killed Sonja
   583 | D        | Reached * piety under Sif Muna
   583 | D        | Reached skill level 1 in Fighting
   583 | D        | Reached skill level 5 in Stealth
   583 | D        | Reached skill level 10 in Spellcasting
   583 | D        | Reached skill level 5 in Translocations
   583 | D        | Reached skill level 5 in Poison Magic
   583 | D        | Reached XP level 7. HP: 32/43 MP: 17/21
   583 | D        | Reached XP level 8. HP: 36/48 MP: 17/22
   738 | D        | Found Warpheneuf's Gadget Boutique.
   758 | D        | Noticed a deep troll
   771 | D        | Killed a deep troll
   771 | D        | Reached skill level 11 in Spellcasting
   771 | D        | Reached skill level 5 in Conjurations
   771 | D        | Reached skill level 5 in Fire Magic
   771 | D        | Reached skill level 5 in Air Magic
   771 | D        | Reached skill level 1 in Evocations
   783 | D        | Found Bauberuj's Armour Emporium.
   809 | D        | Noticed a centaur warrior
   811 | D        | Noticed a centaur warrior
   819 | D        | Killed a centaur warrior
   819 | D        | Reached skill level 1 in Throwing
   819 | D        | Reached skill level 5 in Summonings
   819 | D        | Reached XP level 9. HP: 4/54 MP: 17/24
   842 | D        | Killed a centaur warrior
   842 | D        | Reached ** piety under Sif Muna
   842 | D        | Reached skill level 12 in Spellcasting
  1052 | D        | Noticed a hornet
  1055 | D        | Killed a hornet
  1065 | D        | Noticed an oklob plant
  1071 | D        | Banished an oklob plant
  1071 | D        | Reached XP level 10. HP: 41/60 MP: 26/26
  1262 | D        | Noticed a kobold demonologist
  1275 | D        | Noticed a kobold demonologist
  1286 | D        | Killed a kobold demonologist
  1286 | D        | Reached *** piety under Sif Muna
  1291 | D        | Killed a kobold demonologist
  1541 | D        | Killed an unseen horror
  1554 | D        | Slain by an unseen horror

Illustrated notes

Levels and vault maps discovered:
D:        dungeon_sprint_1 [red_sonja_temple_1, red_sonja_temple_small_1]

Skill      XL: |  1  2  3  4  5  6  7  8  9 10 |
---------------+-------------------------------+-----
Stealth        | 3 4 5 6 7 8 |  8.0
Spellcasting   | 5 6 8 10 11 12 | 12.8
Dodging        | 3 |  3.8
Fire Magic     | 1 2 4 6 7 |  7.7
Air Magic      | 1 2 4 6 7 |  7.5
Poison Magic   | 1 3 5 7 8 9 |  9.1
Conjurations   | 3 4 6 7 |  7.8
Summonings     | 2 4 5 |  5.9
Translocations | 2 3 5 6 7 |  7.9
Short Blades   | 1 2 3 4 |  4.3
Fighting       | 1 2 |  2.5
Evocations     | 1 |  1.6
Throwing       | 1 2 |  2.5

Action                   |  1- 3 |  4- 6 |  7- 9 | 10-12 || total
-------------------------+-------+-------+-------+-------++-------
Melee: Dagger            |     6 |    11 |    12 |    18 ||    47
       Constrict         |     1 |     3 |     1 |     2 ||     7
       Tentacles         |       |     2 |     3 |     3 ||     8
Throw: Dart              |       |       |     8 |       ||     8
 Cast: Call Imp          |     7 |     4 |       |     7 ||    18
       Magic Dart        |     3 |     5 |    14 |     2 ||    24
       Blink             |     1 |       |       |       ||     1
       Mephitic Cloud    |       |     6 |     6 |     8 ||    20
       Conjure Flame     |       |       |       |     4 ||     4
Evoke: Wand              |       |     1 |       |       ||     1
  Use: Potion            |     2 |     1 |     1 |     1 ||     5
       Scroll            |       |       |     1 |       ||     1
 Stab: Confused          |       |     1 |     1 |     1 ||     3
       Paralysed         |       |     2 |       |       ||     2
       Sleeping          |       |       |     2 |     2 ||     4
Dodge: Dodged            |     2 |     2 |     1 |     2 ||     7

Table legend: (Time is in decaauts)
 A = Elapsed time spent in this place.
 B = Non-inter-level travel time spent in this place.
 C = Inter-level travel time spent in this place.
 D = Time resting spent in this place.
 E = Time spent auto-exploring this place.
 F = Levels seen in this place.
 G = Mean time per level.
                   A        B        C        D        E       F      G
               +--------+--------+--------+--------+--------+-----+--------+
         Total |   1569 |   1569 |      0 |    860 |      0 |   1 | 1569.0 |
       Dungeon |   1569 |   1569 |      0 |    860 |      0 |   1 | 1569.0 |
               +--------+--------+--------+--------+--------+-----+--------+

Top non-repeatable levels by time:
       D: 1569 daAuts
